 Dungeon Crawl Stone Soup version 0.24.0-1-gfbc8707122 (webtiles) character file.

Game seed: 15994313827812923970, levelgen mode: deterministic

2956 Fistmachine the Fighter (level 9, -7/129 HPs)
             Began as a Minotaur Berserker on Oct 28, 2019.
             Was an Elder of Trog.
             Mangled by an orc warrior
             ... wielding a +0 halberd
              (12 damage)
             ... on level 9 of the Dungeon.
             The game lasted 00:14:20 (7471 turns).

Fistmachine the Fighter (Minotaur Berserker)        Turns: 7471, Time: 00:14:21

Health: -7/129     AC:  8    Str: 29    XL:     9   Next: 52%
Magic:  8/8        EV: 15    Int:  1    God:    Trog [****..]
Gold:   529        SH:  0    Dex: 11    Spells: 8/8 levels left

rFire    . . .     SeeInvis .   e - +2 great sword (holy)
rCold    + . .     Gourm    .   (shield currently unavailable)
rNeg     . . .     Faith    .   w - +2 leather armour "Diuwucy" {*Contam rPois MR+++ Int-3}
rPois    +         Spirit   .   (helmet restricted)
rElec    .         Reflect  .   C - +0 cloak
rCorr    .         Harm     .   o - +0 pair of gloves
MR       +++..                  (no boots)
Stlth    ..........             k - amulet of rage
HPRegen  0.31/turn              p - ring of protection from fire
MPRegen  0.11/turn              s - ring of ice

@: berserking, very quick
A: retaliatory headbutt, horns 2
a: Berserk, Trog's Hand, Brothers in Arms, Renounce Religion, Evoke Berserk Rage


You were on level 9 of the Dungeon.
You worshipped Trog.
Trog was greatly pleased with you.
You were hungry.

You visited 1 branch of the dungeon, and saw 9 of its levels.

You collected 529 gold pieces.

Inventory:

Hand Weapons
 a - a +0 mace
 e - a +2 great sword of holy wrath (weapon)
 n - a +0 flail
Armour
 b - a +0 animal skin
 o - a +0 pair of gloves (worn)
 w - the +2 leather armour "Diuwucy" (worn) {*Contam rPois MR+++ Int-3}
   (You found it on level 5 of the Dungeon)

   It affects your intelligence (-3).
   It protects you from poison.
   It affects your resistance to hostile enchantments.
   It causes magical contamination when unequipped.
 C - a +0 cloak (worn)
Jewellery
 k - an amulet of rage (around neck)
 p - a ring of protection from fire (left hand)
 s - a ring of ice (right hand)
 t - an uncursed ring of wizardry
 z - a +3 ring of strength {unknown}
Wands
 v - a wand of acid (9)
Scrolls
 d - a scroll of noise
 f - 2 scrolls of enchant weapon
 g - 2 scrolls of enchant armour {unknown}
 h - 3 scrolls of amnesia
 i - 5 scrolls of remove curse {unknown}
 j - 4 scrolls of identify
 l - a scroll of fog {unknown}
 u - 2 scrolls of teleportation {unknown}
 x - 2 scrolls of random uselessness {unknown}
 y - a scroll of magic mapping {unknown}
 A - a scroll of summoning {unknown}
Potions
 m - a potion of haste {unknown}
 q - 4 potions of curing {unknown}
 r - 4 potions of heal wounds {unknown}
 B - a potion of resistance
Comestibles
 c - 11 rations


   Skills:
 * Level 10.6 Fighting
 + Level 4.7 Long Blades
 - Level 6.1 Maces & Flails
 + Level 7.5 Armour
 + Level 6.8 Dodging


You had 8 spell levels left.
You didn't know any spells.
Your spell library was empty.

Dungeon Overview and Level Annotations

Branches:
Dungeon (9/15)             Temple (0/1) D:7            Lair (0/6) D:8
    Orc: D:9-12

Altars:
Elyvilon
Fedhas
Gozag
Hepliaklqana
Makhleb
Nemelex Xobeh
Okawaru
Qazlal
Trog
Xom
Yredelemnul

Shops:
D:5 *


Innate Abilities, Weirdness & Mutations

You reflexively headbutt those who attack you in melee.
You have a pair of horns on your head.


Message History

The orc warrior hits you with a +0 halberd!
You hit the orc warrior.
The orc warrior is moderately wounded.
The orc priest invokes the aid of Beogh against you.
Beogh smites you!
An orc wizard comes into view. It is wielding a +0 dagger.
The orc warrior hits you with a +0 halberd!!
* * * LOW HITPOINT WARNING * * *
A red film seems to cover your vision as you go berserk!
You feel yourself moving faster!
You feel mighty!
You are feeling hungry.
The orc warrior hits you with a +0 halberd!!
* * * LOW HITPOINT WARNING * * *
You closely miss the orc warrior.
The orc warrior is moderately wounded.
You are too berserk!
You barely miss the orc warrior. Your headbutt misses the orc warrior.
The orc warrior is moderately wounded.
The orc warrior hits you with a +0 halberd!
You die...

##.....## # ##...## #
##+# # .# #.# ##.##
##...#####
#.#########........#
#oooo@........###.####
#.#########...#........
#..##.##.####
#.....##.# #........#
##########


You could see an orc warrior, an orc priest, an orc wizard and an orc.

Vanquished Creatures
  Maurice (D:8)
  A troll (D:8)
  A hippogriff (D:7)
  Grinder (D:4)
  A hungry ghost (D:9)
  An ice beast (D:6)
  An ogre (D:6)
  2 phantoms (D:5)
  5 centaurs
  2 bullfrogs (D:8)
  A scorpion (D:4)
  3 wights (D:6)
  3 howler monkeys
  A centaur zombie (D:8)
  2 hounds
  2 jellies
  3 orc priests (D:8)
  2 bullfrog skeletons (D:6)
  4 iguanas
  An orc wizard (D:3)
  2 worker ants
  A howler monkey zombie (D:6)
  8 gnolls
  8 adders
  3 shadow imps
  An ooze (D:2)
  An adder zombie (D:7)
  An adder skeleton (D:5)
  4 worms (D:3)
  2 dart slugs
  3 leopard geckos
  8 orcs
  3 giant cockroaches
  3 hobgoblins
  8 jackals
  3 quokkas
  3 bats
  5 frilled lizards
  A giant cockroach zombie (D:5)
  9 goblins
  2 kobolds (D:2)
  A leopard gecko skeleton (D:5)
  A quokka skeleton (D:5)
  5 rats
124 creatures vanquished.

Notes
Turn   | Place    | Note
-------+----------+-------------------------------------------
     0 | D:1      | Fistmachine the Minotaur Berserker began the quest for the
                  | Orb.
     0 | D:1      | Reached XP level 1. HP: 19/19 MP: 0/0
   389 | D:1      | Reached skill level 4 in Fighting
   389 | D:1      | Reached XP level 2. HP: 27/27 MP: 1/1
   837 | D:2      | Reached XP level 3. HP: 15/33 MP: 2/2
  1621 | D:3      | Reached XP level 4. HP: 34/41 MP: 3/3
  1720 | D:3      | Reached ** piety under Trog
  2050 | D:3      | Noticed a moth of wrath
  2053 | D:3      | Found a bloodstained altar of Trog.
  2275 | D:3      | Reached skill level 5 in Fighting
  2576 | D:4      | Noticed Grinder
  2589 | D:4      | Paralysed by Grinder for 7 turns
  2605 | D:4      | Killed Grinder
  2605 | D:4      | Reached skill level 6 in Fighting
  2605 | D:4      | Reached XP level 5. HP: 50/50 MP: 4/4
  2605 | D:4      | Reached XP level 6. HP: 57/57 MP: 5/5
  2824 | D:4      | Reached skill level 5 in Maces & Flails
  3045 | D:4      | Found a stormy altar of Qazlal.
  3046 | D:4      | Found a burning altar of Makhleb.
  3609 | D:5      | Entered Level 5 of the Dungeon
  3623 | D:5      | Found Yvunut's Assorted Antiques.
  3747 | D:5      | Reached XP level 7. HP: 43/64 MP: 6/6
  3878 | D:5      | Reached *** piety under Trog
  3882 | D:5      | Reached skill level 7 in Fighting
  3883 | D:5      | Found a white marble altar of Elyvilon.
  3899 | D:5      | HP: 3/66 [centaur (6)]
  3900 | D:5      | Reached skill level 5 in Armour
  4289 | D:5      | Got an encrusted leather armour
  4293 | D:5      | Found an iron altar of Okawaru.
  4560 | D:6      | Identified the +2 leather armour "Diuwucy" {*Contam rPois
                  | MR+++ Int-3} (You found it on level 5 of the Dungeon)
  4724 | D:6      | Reached skill level 8 in Fighting
  4724 | D:6      | Reached skill level 5 in Dodging
  4724 | D:6      | Reached XP level 8. HP: 54/74 MP: 7/7
  4882 | D:6      | Reached skill level 1 in Long Blades
  4988 | D:6      | Found a blossoming altar of Fedhas.
  5532 | D:7      | Noticed a hippogriff
  5543 | D:7      | Killed a hippogriff
  5543 | D:7      | Reached skill level 9 in Fighting
  5605 | D:7      | Found a staircase to the Ecumenical Temple.
  6269 | D:7      | Found a shimmering altar of Xom.
  6269 | D:7      | Found a hazy altar of Hepliaklqana.
  6270 | D:7      | Found a basalt altar of Yredelemnul.
  6303 | D:8      | Reached XP level 9. HP: 78/84 MP: 8/8
  6328 | D:8      | Noticed a troll
  6343 | D:8      | Killed a troll
  6405 | D:8      | Reached skill level 10 in Fighting
  6406 | D:8      | Reached **** piety under Trog
  6458 | D:8      | Noticed Maurice
  6926 | D:8      | Found a staircase to the Lair.
  6974 | D:8      | Found an opulent altar of Gozag.
  6976 | D:8      | Found a sparkling altar of Nemelex Xobeh.
  7032 | D:8      | Killed Maurice
  7469 | D:9      | HP: 4/129 [orc warrior/+0 halberd (19)]
  7471 | D:9      | Mangled by an orc warrior

Levels and vault maps discovered:
D:1:      dpeg_arrival_houses_and_road, layout_rooms, minmay_unequal
D:2:      layout_basic, first_ration, minmay_misc_feat_cross
D:3:      layout_basic, tgw_trog
D:4:      layout_gridville, chequers_temple_overflow_statue_of_worship,
          uniq_grinder
D:5:      layout_basic, elyvilon_altar_5, serial_shops, kennysheep_mini_moat,
          okawaru_trees_1
D:6:      layout_cave_pools, nicolae_sextant, fedhas_bush_and_centaur_altar
D:7:      layout_layer_cave, gammafunk_temple_overflow_claw,
          minmay_temple_entry_steel_oval
D:8:      layout_rooms, grunt_temple_overflow_opulence, lair_entry_dummy,
          uniq_maurice
D:9:      layout_loops_corners, uniq_prince_ribbit1

Skill      XL: |  1  2  3  4  5  6  7  8  9 |
---------------+----------------------------+-----
Fighting       | 4 6 8 9 10 | 10.6
Maces & Flails | 4 5 6 |  6.1
Armour         | 3 4 5 6 7 |  7.5
Dodging        | 3 4 5 6 |  6.8
Long Blades    | 3 4 |  4.7

Action                   |  1- 3 |  4- 6 |  7- 9 || total
-------------------------+-------+-------+-------++-------
Melee: Mace              |    41 |       |       ||    41
       Headbutt          |     8 |    10 |    31 ||    49
       Flail             |     3 |    46 |       ||    49
       Great sword       |       |    40 |   142 ||   182
Throw: Boomerang         |       |    29 |       ||    29
Invok: Berserk           |       |       |     5 ||     5
  Use: Potion            |       |     3 |       ||     3
       Scroll            |       |       |     4 ||     4
  Eat: Chunk             |     2 |     6 |     6 ||    14
       Ration            |       |       |     5 ||     5
Armor: Animal skin       |    14 |    11 |     4 ||    29
       Skin              |       |    10 |       ||    10
       Leather armour    |       |       |    48 ||    48
Dodge: Dodged            |    32 |    49 |   126 ||   207
       Rpst.: Great sword |       |     7 |    38 ||    45
